Map: Backwater LE

Players

fruitcake

  • Race: Terran Terran
  • Spawn Location: 5:00

A.I. 1 (Very Hard) - Winner!

  • Race: Protoss Protoss
  • Spawn Location: 11:00

VOD

Have the link to the VOD?

Description

Time

  • Played on: May 5, 2018, 4:32 p.m.
  • Length: 11:17
Show
View Real Time Build Order
Export as new Build Order

fruitcake Terran 

Build Orders:  

Get SALT Encoding   

  12  0:02  SCV  
  13  0:15  Supply Depot  
  13  0:23  SCV  
  14  0:36  Refinery  
  14  0:40  Barracks  
  14  0:46  SCV  
  15  0:58  SCV  
  16  1:10  SCV  
  17  1:22  SCV  
  18  1:26  Marine  
  19  1:34  SCV  
  19  1:37  Supply Depot  
  20  1:44  Marine  
  21  1:48  Factory  
  21  2:06  Engineering Bay  
  21  2:07  SCV  
  22  2:10  Marine  
  23  2:16  Refinery  
  23  2:19  SCV  
  24  2:31  Command Center  
  24  2:43  Orbital Command  
  24  2:54  Barracks Reactor  
  24  3:00  Barracks  
  24  3:04  Factory Tech Lab  
  24  3:08  Terran Infantry Weapons Level 1  
  24  3:15  SCV  
  25  3:28  SCV  
  25  3:29  Supply Depot  
  26  3:40  SCV  
  30  3:49  Supply Depot  
  30  3:51  Marine x2  
  30  3:52  SCV  
  33  3:58  Barracks Reactor  
  30  4:04  Siege Tank  
  30  4:05  Barracks Tech Lab  
  30  4:09  Marine  
  34  4:13  Starport  
  34  4:19  Barracks  
  34  4:35  SCV  
  34  4:37  SCV  
  36  4:41  Siege Tank  
  39  4:48  SCV  
  39  4:49  SCV, Armory  
  41  5:00  SCV  
  41  5:01  SCV  
  43  5:11  Barracks Reactor  
  43  5:12  Marine x2, Marauder  
  47  5:21  SCV x2, Refinery  
  49  5:28  Terran Infantry Armor Level 1  
  49  5:29  Marine  
  49  5:30  Marine  
  49  5:32  Concussive Shells  
  49  5:33  SCV x2  
  49  5:34  Marauder  
  55  5:45  SCV  
  55  5:47  Marine  
  57  5:50  Medivac  
  57  5:55  Marauder  
  61  6:02  Refinery  
  61  6:03  SCV  
  62  6:15  Supply Depot  
  62  6:17  Terran Vehicle Weapons Level 1  
  62  6:36  Marine x4  
  62  6:37  SCV x2, Marauder  
  62  6:38  Supply Depot  
  62  6:39  Supply Depot  
  70  6:57  Orbital Command  
  70  6:59  Marine x2, SCV, Siege Tank  
  70  7:00  Marauder  
  78  7:03  Supply Depot  
  78  7:09  Marine x2  
  78  7:10  Medivac  
  78  7:11  SCV, Supply Depot x2  
  83  7:20  Barracks  
  83  7:21  Terran Infantry Weapons Level 2, Marauder  
  85  7:23  SCV  
  85  7:26  Marine x2, Supply Depot  
  89  7:30  SCV  
  89  7:36  SCV  
  90  7:41  Medivac  
  90  7:42  SCV, Marauder  
  95  7:44  Siege Tank  
  98  8:04  Marine, Command Center, Marauder  
  98  8:05  Marine  
  102  8:11  Medivac  
  104  8:17  Sensor Tower  
  104  8:19  SCV  
  105  8:24  Barracks Reactor  
  105  8:25  Marauder  
  105  8:26  Marine x3  
  110  8:30  Siege Tank  
  113  8:41  Medivac  
  115  8:42  Terran Vehicle Weapons Level 2  
  115  8:46  Marauder  
  117  8:52  Supply Depot  
  117  8:53  Supply Depot  
  117  9:02  Stimpack  
  117  9:13  Siege Tank  
  117  9:14  Marauder  
  121  9:17  Supply Depot  
  103  9:28  Marine  
  103  9:29  Marine x5  
  89  9:35  Marauder  
  70  9:46  Marine x3  
  70  9:47  Marine x3  
  64  9:56  Marauder  
  52  10:04  Marine x4  
  52  10:05  Marine x2  
  49  10:18  Marauder  
  50  10:22  Marine x4  
  50  10:23  Marine  
  49  10:37  Marine  
  49  10:39  Marauder  
  49  10:40  Marine x2  
  45  10:55  Marine  
  42  10:58  Marine x2  
Show
View Real Time Build Order
Export as new Build Order

A.I. 1 (Very Hard) Protoss - Winner!

Build Orders: Colossus Rush 

Get SALT Encoding   

  12  0:00  Probe  
  13  0:13  Probe  
  14  0:19  Pylon  
  14  0:25  Probe  
  15  0:33  Probe  
  15  0:40  Gateway  
  15  0:41  Probe  
  16  0:47  Assimilator  
  17  0:51  Probe  
  18  0:59  Pylon, Probe  
  19  1:07  Probe  
  20  1:18  Probe  
  21  1:27  Zealot  
  21  1:28  Cybernetics Core  
  23  1:35  Gateway  
  23  1:38  Probe  
  24  1:48  Pylon  
  24  1:49  Zealot  
  24  1:50  Probe  
  27  2:02  Probe  
  27  2:06  Warp Gate  
  28  2:11  Assimilator  
  28  2:14  Probe  
  29  2:16  Adept  
  31  2:24  Adept  
  31  2:26  Probe  
  34  2:35  Pylon  
  34  2:38  Probe  
  34  2:43  Adept  
  37  2:50  Probe  
  38  2:53  Sentry  
  40  2:59  Probe  
  41  3:07  Probe  
  42  3:13  Nexus  
  42  3:17  Probe  
  43  3:23  Stalker  
  45  3:29  Probe  
  46  3:39  Robotics Facility  
  47  3:41  Probe  
  47  3:49  Pylon  
  47  4:03  Probe  
  47  4:07  Adept  
  50  4:11  Probe  
  51  4:20  Adept  
  51  4:21  Probe x2  
  54  4:27  Adept  
  54  4:29  Probe  
  57  4:33  Probe  
  59  4:39  Probe  
  59  4:42  Robotics Bay  
  59  4:44  Observer  
  62  4:45  Probe  
  62  4:51  Probe  
  63  4:52  Robotics Facility  
  63  4:57  Probe  
  63  4:59  Pylon  
  64  5:01  Stalker  
  64  5:05  Stalker, Probe  
  68  5:11  Probe  
  68  5:12  Pylon  
  70  5:26  Colossus  
  70  5:33  Gateway  
  76  5:40  Zealot  
  76  5:42  Pylon  
  78  5:45  Stalker, Probe  
  78  5:46  Assimilator, Probe  
  82  5:55  Twilight Council  
  82  5:57  Assimilator  
  82  6:02  Pylon  
  82  6:08  Probe  
  82  6:09  Probe  
  84  6:20  Probe  
  84  6:21  Probe  
  84  6:24  Gateway  
  86  6:26  Pylon  
  86  6:28  Probe  
  87  6:34  Templar Archives  
  87  6:43  Pylon  
  87  6:49  Zealot, Warp Prism  
  89  6:58  Stalker  
  89  7:00  Forge  
  93  7:02  Stalker  
  93  7:06  Forge  
  95  7:10  Stalker  
  97  7:19  High Templar  
  97  7:21  Pylon, Sentry  
  101  7:24  Nexus  
  101  7:25  Zealot  
  103  7:33  Stalker  
  105  7:39  Photon Cannon  
  105  7:43  Pylon, Zealot  
  107  7:44  Immortal  
  107  7:45  High Templar, Photon Cannon, Zealot  
  107  7:48  Gateway  
  115  7:53  Immortal  
  115  7:56  Zealot  
  121  8:07  High Templar  
  121  8:10  Pylon  
  123  8:14  High Templar, Immortal, Archon  
  129  8:31  High Templar, Archon  
  129  8:32  Probe  
  131  8:36  Probe  
  131  8:37  Probe  
  131  8:38  Pylon  
  131  8:40  Probe  
  134  8:43  Assimilator  
  134  8:46  High Templar, Assimilator  
  138  8:48  Probe  
  138  8:49  Probe  
  138  8:50  Probe  
  140  9:00  High Templar, Probe  
  143  9:03  Probe  
  143  9:04  Probe  
  145  9:12  Probe  
  145  9:13  High Templar  
  145  9:14  Pylon  
  145  9:15  Probe  
  145  9:16  Probe  
  150  9:17  Zealot x2  
  150  9:19  Immortal  
  150  9:22  Stalker  
  138  9:25  Probe  
  138  9:26  Probe  
  138  9:27  Zealot, Archon  
  138  9:28  Probe  
  125  9:34  Probe  
  125  9:37  Stalker x2, Probe  
  121  9:43  Adept  
  123  9:45  Stalker, Sentry  
  123  9:54  Sentry  
  123  10:00  Stalker  
  123  10:03  Photon Cannon, High Templar  
  127  10:08  Adept  
  127  10:09  High Templar  
  127  10:12  Photon Cannon  
  131  10:14  Pylon  
  131  10:18  Stalker  
  131  10:23  Zealot  
  133  10:28  Stalker  
  133  10:34  Stalker  
  133  10:35  Zealot  
  137  10:36  Photon Cannon  
  137  10:40  Photon Cannon, Sentry  
  137  10:41  Pylon  
  135  10:43  Pylon, Zealot  
  135  10:49  Zealot  
  139  10:54  High Templar  
  139  10:55  Adept  
  139  10:57  Gateway  
  145  11:03  High Templar, Photon Cannon, Nexus  
  147  11:05  Photon Cannon  
  139  11:16  Stalker  
Tags
 
Add a new tag
Caveats
  • Supply blocks, unpowered buildings, or Contaminate may cause inaccurate times.
  • Supply counts are checked every 10 seconds.